 Dungeon Crawl Stone Soup version 0.29.0-4-gdea44cf6ec (webtiles) character file.

Game seed: 8653479179153259511

147 qw the Chopper (level 5, -5/30 HPs)
             Began as a Tengu Warper on Aug 29, 2022.
             Killed from afar by an electric eel (7 damage)
             ... with a bolt of electricity
             ... on level 6 of the Dungeon.
             The game lasted 00:01:11 (3460 turns).

qw the Chopper (Tengu Warper)                       Turns: 3460, Time: 00:01:11

Health: -5/30      AC:  8    Str: 13    XL:     5   Next: 29%
Magic:  9/9        EV: 11    Int: 14    God:
Gold:   255        SH:  0    Dex: 13    Spells: 8/8 levels left

rFire   . . .      SeeInvis .   Y - +0 hand axe
rCold   + . .      Faith    .   (no shield)
rNeg    + . .      Spirit   .   j - +0 scale mail
rPois   .          Reflect  .   (helmet restricted)
rElec   .          Harm     .   d - +1 cloak of Fuqanisch {rC+}
rCorr   .          Rampage  .   (no gloves)
Will    .....                   (boots unavailable)
Stlth   ..........              a - amulet of the acrobat
HPRegen 0.10/turn               g - ring of positive energy
MPRegen 0.11/turn               (no ring)

@: about to teleport, flying quickly and evasively, quick
A: beak, talons 3, nimble flight
a: no special abilities


You were on level 6 of the Dungeon.
You visited 1 branch of the dungeon, and saw 5 of its levels.

You collected 255 gold pieces.


Innate Abilities, Weirdness & Mutations

You have a beak for a mouth.
You have claws for feet.
Your magical nature lets you fly swiftly and evasively.


   Skills:
 - Level 2.0 Fighting
 + Level 5.9 Axes
 - Level 1.0 Throwing
 - Level 1.1 Armour
 - Level 2.1 Dodging
 - Level 2.0 Spellcasting
 - Level 2.4 Translocations


You had 8 spell levels left.
You didn't know any spells.
Your spell library contained the following spells:

 Spells                   Type           Power      Damage    Failure   Level
 Blink                    Tloc           16%        N/A       54%         2
 Gell's Gravitas          Tloc           8%         N/A       78%         3
 Lesser Beckoning         Tloc           8%         N/A       78%         3
 Teleport Other           Tloc           8%         N/A       78%         3
 Manifold Assault         Tloc           8%         N/A       100%        5

Inventory:

Hand Weapons
 n - a +0 flail
 Y - a +0 hand axe (weapon)
Armour
 d - the +1 cloak of Fuqanisch (worn) {rC+}
   (You acquired it on level 3 of the Dungeon)

   rC:        It protects you from cold.
 h - a +0 chain mail
 j - a +0 scale mail (worn)
Jewellery
 a - an amulet of the acrobat (around neck)
 g - a ring of positive energy (left hand)
Scrolls
 b - a scroll of teleportation
 c - a scroll of enchant armour {unknown}
 f - a scroll of identify
 i - a scroll of silence {unknown}
 l - a scroll of poison {unknown}
Potions
 e - 2 potions of curing
 k - a potion of invisibility {unknown}
 o - a potion of might

Dungeon Overview and Level Annotations

Branches:
Dungeon (6/15)
 Temple: D:4-7

Altars:
Cheibriados
Dithmenos
Hepliaklqana
Qazlal

Shops:
D:1 (


Message History

HP restored.
Things that are here:
an adder corpse; a hound corpse
Found a scroll of blinking.
You reach down and open the door.
There is an open door here.
An electric eel comes into view.
Enter note:
Enter note: You hit the electric eel.
Your kick misses the electric eel. Your peck misses the electric eel.
The electric eel is moderately wounded.
You hit the plant.
The plant begins to die.
The electric eel shoots out a bolt of lightning at you!
The bolt of electricity hits you.
The bolt of electricity hits the plant.
The plant begins to die.
You hit the electric eel but do no damage.
You claw the electric eel.
The electric eel is moderately wounded.
You hit the plant. You hit the electric eel.
The electric eel is heavily wounded.
You hit the plant but do no damage.
The electric eel shoots out a bolt of lightning at you!
The bolt of electricity hits you!
The bolt of electricity hits the plant.
You barely miss the electric eel. Your peck misses the electric eel.
The electric eel is heavily wounded.
You hit the plant.
A nearby plant withers and dies.
You hit the electric eel. Your kick misses the electric eel.
The electric eel is severely wounded.
The electric eel shoots out a bolt of lightning at you!
The bolt of electricity hits you!
The bolt of electricity hits the plant!
3460 ||| READING 2 scrolls of teleportation.
As you read the scroll of teleportation, it crumbles to dust.
You feel strangely unstable.
A nearby plant withers and dies.
The electric eel shoots out a bolt of lightning at you!
The bolt of electricity hits you!
You die...

.#.###'#....#
.............#
#777777.............#
###7~P7~~~7............#
7~PP~~~~~~~............#
~P~~~~~~PP~.......?###.#
~~~~~~~~~~~P.......# #.#
~~~~~~~S~PP~7......# #.#
~P~~P~7@.~P.~...#+## #.#
P~~...[..?.....##.####.#
.......................#
...........~~~~##.######
...~~.~~~~~P777##.# #
#7~~~P~~~~~7~# #.# #
#7P~PP~P~~P#####.### #
#77777777.........# #
77#.......#.# #


You could see an electric eel.

Vanquished Creatures
  A hound (D:6)
  An orc wizard (D:3)
  3 adders
  A white imp (D:6)
  A worm (D:2)
  3 orcs
  3 endoplasms
  4 giant cockroaches
  5 goblins
  4 hobgoblins
  4 quokkas
  5 ball pythons
  9 bats
  4 frilled lizards
  3 kobolds (D:1)
  A rat (D:2)
52 creatures vanquished.

Vanquished Creatures (others)
  2 plants (D:6)
2 creatures vanquished.

Grand Total: 54 creatures vanquished

Notes
Turn   | Place    | Note
-------+----------+-------------------------------------------
     0 | D:1      | qw the Tengu Warper began the quest for the Orb.
     0 | D:1      | Reached XP level 1. HP: 12/12 MP: 4/4
     0 | D:1      | 0 ||| qw: Version: 0.1-a-89-g26bdef1
     0 | D:1      | 0 ||| qw: Game counter: 3568
     0 | D:1      | 0 ||| qw: Always use a shield: true
     0 | D:1      | 0 ||| qw: God list: Okawaru
     0 | D:1      | 0 ||| qw: Allow faded altars: false
     0 | D:1      | 0 ||| qw: Do Orc after D:15 true
     0 | D:1      | 0 ||| qw: Do second Lair branch before Depths: true
     0 | D:1      | 0 ||| qw: Lair rune preference: random
     0 | D:1      | 0 ||| qw: Plans: Normal
     0 | D:1      | 0 ||| PLANNING D:1-11
   175 | D:1      | Reached XP level 2. HP: 17/17 MP: 6/6
   187 | D:1      | Found Xaoch's Weapon Shop.
   198 | D:1      | Reached skill level 3 in Axes
   199 | D:1      | 199 ||| SHOPLISTING +5 broad axe of venom (445 gold, have
                  | 45).
   413 | D:1      | Found a faded altar of an unknown god.
   470 | D:1      | 470 ||| DROPPING +0 mace.
   598 | D:1      | 598 ||| Stepping ~*~*~tactically~*~*~ (stealth).
   606 | D:1      | 606 ||| Stepping ~*~*~tactically~*~*~ (stealth).
   630 | D:1      | 630 ||| UPGRADING to +0 ring mail.
   640 | D:1      | 640 ||| DROPPING +0 leather armour.
   641 | D:1      | 641 ||| UPGRADING to ring of positive energy.
   642 | D:1      | 642 ||| READING scroll labelled OWAMEE EPIDUCU.
   643 | D:1      | 643 ||| READING scroll labelled WORGHU QURIS.
   644 | D:1      | 644 ||| DRINKING 2 sedimented yellow potions.
   745 | D:1      | 745 ||| DROPPING scroll of blinking.
   746 | D:1      | 746 ||| DROPPING potion of ambrosia.
   865 | D:2      | Reached skill level 4 in Axes
   865 | D:2      | Reached XP level 3. HP: 21/21 MP: 7/7
   939 | D:2      | 939 ||| Stepping ~*~*~tactically~*~*~ (stealth).
   947 | D:2      | 947 ||| Stepping ~*~*~tactically~*~*~ (stealth).
   948 | D:2      | 948 ||| Stepping ~*~*~tactically~*~*~ (stealth).
  1066 | D:2      | 1066 ||| Stepping ~*~*~tactically~*~*~ (stealth).
  1112 | D:2      | 1112 ||| Stepping ~*~*~tactically~*~*~ (stealth).
  1764 | D:2      | 1764 ||| UPGRADING to amulet of the acrobat.
  1769 | D:2      | 1769 ||| DROPPING +6 ring of intelligence.
  1770 | D:2      | 1770 ||| READING scroll labelled PYJUALARES.
  1771 | D:2      | 1771 ||| DRINKING 2 puce potions.
  1772 | D:2      | 1772 ||| DRINKING 2 pink potions.
  1802 | D:3      | Found a hazy altar of Hepliaklqana.
  1802 | D:3      | Found a snail-covered altar of Cheibriados.
  1802 | D:3      | Found a stormy altar of Qazlal.
  1815 | D:3      | 1815 ||| Stepping ~*~*~tactically~*~*~ (stealth).
  1895 | D:3      | 1895 ||| Stepping ~*~*~tactically~*~*~ (hiding).
  1906 | D:3      | Reached skill level 5 in Axes
  1906 | D:3      | Reached XP level 4. HP: 10/26 MP: 8/8
  1911 | D:3      | 1911 ||| Stepping ~*~*~tactically~*~*~ (stealth).
  1917 | D:3      | 1917 ||| Stepping ~*~*~tactically~*~*~ (stealth).
  1918 | D:3      | 1918 ||| Stepping ~*~*~tactically~*~*~ (stealth).
  1924 | D:3      | 1924 ||| Stepping ~*~*~tactically~*~*~ (stealth).
  1929 | D:3      | HP: 5/26 [orc/+0 spear (3)]
  1930 | D:3      | 1930 ||| DRINKING potion of heal wounds.
  2299 | D:3      | Found a shadowy altar of Dithmenos.
  2306 | D:3      | 2306 ||| DROPPING +2 whip of venom.
  2755 | D:3      | 2755 ||| UPGRADING to +0 scale mail.
  2765 | D:3      | 2765 ||| DROPPING +0 ring mail.
  2766 | D:3      | 2766 ||| READING 4 scrolls labelled IPIPTAO LUGI.
  2770 | D:3      | 2770 ||| READING scroll labelled PEUNGEWN ALEUL.
  2770 | D:3      | Identified a scroll of acquirement
  2770 | D:3      | 2770 ||| ACQUIRING +1 cloak of Fuqanisch {rC+}
  2770 | D:3      | Acquired the +1 cloak of Fuqanisch {rC+}
  2772 | D:3      | 2772 ||| UPGRADING to +1 cloak of Fuqanisch {rC+}.
  2777 | D:3      | 2777 ||| READING 3 scrolls labelled ZUDARCHACIN.
  2778 | D:3      | 2778 ||| DRINKING 2 metallic red potions.
  2779 | D:3      | 2779 ||| READING 3 scrolls of identify.
  2779 | D:3      | 2779 ||| IDENTIFYING bubbling yellow potion
  2780 | D:3      | 2780 ||| READING 2 scrolls of identify.
  2780 | D:3      | 2780 ||| IDENTIFYING blue potion
  2781 | D:3      | 2781 ||| DROPPING potion of berserk rage.
  2782 | D:3      | 2782 ||| DROPPING potion of attraction.
  2783 | D:3      | 2783 ||| DROPPING 2 scrolls of amnesia.
  2817 | D:4      | You fall into a shaft and drop 2 floors!
  3342 | D:6      | HP: 4/26 [orc/+0 flail (3)]
  3343 | D:6      | 3343 ||| READING 3 scrolls of teleportation.
  3344 | D:6      | 3344 ||| DRINKING potion of heal wounds.
  3385 | D:6      | Gained mutation: Your magical nature lets you fly swiftly
                  | and evasively. [Tengu growth]
  3385 | D:6      | Reached XP level 5. HP: 28/30 MP: 9/9
  3459 | D:6      | HP: 2/30 [electric eel/bolt of electricity (9)]
  3460 | D:6      | 3460 ||| READING 2 scrolls of teleportation.
  3460 | D:6      | Killed from afar by an electric eel

Levels and vault maps discovered:
D:1:      dpeg_arrival_tiny_d, layout_basic, serial_shops,
          nicolae_shop_bloodbath_and_beyond, ebering_ecumenical_altar_abandoned,
          minmay_split_cup_small
D:2:      layout_basic, corner_web_ring
D:3:      layout_basic, mainiacjoe_overflow_brackets,
          chequers_temple_overflow_statue_of_worship, minmay_hedge_maze
D:4:      layout_basic, nemelex_diamond_rough_becter
D:6:      layout_basic, grunt_ministairs_5, serial_bayou_ford_a

Skill      XL: |  1  2  3 |
---------------+----------+-----
Axes           | 4 5 |  5.9
Fighting       | |  2.0
Throwing       | |  1.0
Armour         | |  1.1
Dodging        | |  2.1
Spellcasting   | |  2.0
Translocations | |  2.4

Action                   |  1- 3 |  4- 6 || total
-------------------------+-------+-------++-------
Melee: Hand axe          |    76 |    54 ||   130
       Kick              |    16 |    10 ||    26
       Peck              |     9 |     7 ||    16
Throw: Boomerang         |     7 |       ||     7
  Use: Scroll            |     3 |     7 ||    10
       Potion            |     3 |     3 ||     6
Armor: Leather armour    |     5 |       ||     5
       Ring mail         |    21 |     8 ||    29
       Scale mail        |       |     9 ||     9
Dodge: Dodged            |    28 |    24 ||    52

Table legend:
 A = Non-vault XP
 B = Vault XP
 C = Vault XP percentage of total XP
 D = Non-vault monster count
 E = Vault monster count
 F = Vault count percentage of total count
                 A         B        C        D         E       F
            +---------+---------+-------+---------+---------+-------
      Total |     207 |       4 |   1.9 |      49 |       3 |   5.8
            +---------+---------+-------+---------+---------+-------
        D:1 |      25 |       4 |  13.8 |      16 |       3 |  15.8
        D:2 |      43 |       0 |   0.0 |      17 |       0 |   0.0
        D:3 |      68 |       0 |   0.0 |      12 |       0 |   0.0
        D:6 |      71 |       0 |   0.0 |       4 |       0 |   0.0
            +---------+---------+-------+---------+---------+-------
